[Event "Titled Tuesday Blitz November 07 Late 2023"]
[White "Firouzja, Alireza"]
[Black "Elsa167"]
[WhiteFideId "12573981"]
[WhiteElo "3067"]
[BlackElo "2981"]
[Result "1-0"]
[Round "6"]
[TimeControl "180+1"]
[Date "2023.11.07"]
[WhiteClock "0:02:03"]
[BlackClock "0:00:00"]
[Board "5"]

1. d4 e6 2. c4 Nf6 3. Nc3 d5 4. cxd5 exd5 5. Bg5 Be7 6. e3 O-O 7. Bd3 Re8 8. Nge2 c6 9. O-O h6 10. Bh4 a5 11. Rc1 Na6 12. f3 Nc7 13. Bf2 Ne6 14. Kh1 b5 15. e4 b4 16. Na4 dxe4 17. fxe4 Ng4 18. Bg1 Bg5 19. Rxc6 Bd7 20. Rc4 Be3 21. d5 Bxg1 22. Nxg1 Ne3 23. Qb3 Nxf1 24. dxe6 Bxe6 25. Bxf1 Qf6 26. Nf3 Rad8 27. Nc5 Bxc4 28. Bxc4 Re7 29. h3 Qf4 30. e5 Qc1+ 31. Kh2 Qf4+ 32. Kh1 Qc1+ 33. Kh2 Qf4+ 34. Kg1 Qc1+ 35. Kf2 Qf4 36. e6 Rd2+ 37. Kg1 fxe6 38. Nxe6 Rd1+ 39. Qxd1 Qxc4 40. Qd8+ Re8 41. Qxe8+ 1-0


[Site "https://www.chess.com"]

[Event "Titled Tuesday Blitz November 07 Late 2023"]
[White "Sarana, Alexey"]
[Black "Paravyan, David"]
[WhiteFideId "24133795"]
[BlackFideId "4194985"]
[WhiteElo "2974"]
[BlackElo "3051"]
[Result "1/2-1/2"]
[Round "6"]
[TimeControl "180+1"]
[Date "2023.11.07"]
[WhiteClock "0:00:04"]
[BlackClock "0:00:07"]
[Board "6"]

1. d4 Nf6 2. c4 e6 3. Nc3 Bb4 4. e3 O-O 5. Bd3 d5 6. a3 Bxc3+ 7. bxc3 dxc4 8. Bxc4 c5 9. Ne2 Qc7 10. Ba2 Nc6 11. O-O b6 12. Bb2 Ba6 13. c4 cxd4 14. exd4 Rad8 15. d5 exd5 16. Bxf6 gxf6 17. cxd5 Ne7 18. Re1 Bb7 19. Rc1 Qd6 20. Ng3 Bxd5 21. Bxd5 Qxd5 22. Qg4+ Ng6 23. Ne4 Kg7 24. Qf3 f5 25. Qc3+ Qd4 26. Qxd4+ Rxd4 27. Ng3 Rd5 28. Rc7 Ra5 29. Nh5+ Kh6 30. Nf6 Rxa3 31. g3 a5 32. Rb7 Rb3 33. Nd5 f4 34. Kg2 a4 35. Re4 a3 36. Ra7 b5 37. Rb4 Rd3 38. Nf6 Kg7 39. Ne4 h5 40. Rxb5 h4 41. Ng5 Kg8 42. Rba5 hxg3 43. hxg3 fxg3 44. fxg3 Rb3 45. R5a6 Ne5 46. Rxa3 Rxa3 47. Rxa3 Rc8 48. Ra5 f6 49. Ne4 Kg7 50. Ra6 Rc2+ 51. Kh3 f5 52. Nd6 Rf2 53. Ra5 Kf6 54. Ne8+ Ke6 55. Ng7+ Kf6 56. Nh5+ Kg5 57. Rxe5 Kxh5 58. g4+ Kg5 59. Rxf5+ Rxf5 60. gxf5 Kxf5 1/2-1/2


[Site "https://www.chess.com"]

[Event "Titled Tuesday Blitz November 07 Late 2023"]
[White "Bortnyk, Olexandr"]
[Black "Kazakov, Mikhail"]
[WhiteFideId "14120828"]
[BlackFideId "14102749"]
[WhiteElo "3042"]
[BlackElo "2466"]
[Result "1-0"]
[Round "6"]
[TimeControl "180+1"]
[Date "2023.11.07"]
[WhiteClock "0:01:24"]
[BlackClock "0:00:00"]
[Board "7"]

1. d4 Nf6 2. Nc3 g6 3. Bf4 d6 4. e3 Bg7 5. h4 h6 6. Bc4 Nc6 7. Nf3 Bg4 8. Qd2 Bxf3 9. gxf3 e5 10. Bg3 exd4 11. exd4 O-O 12. O-O-O Nh5 13. Ne2 d5 14. Bd3 Qf6 15. c3 Qxf3 16. Nf4 Nxg3 17. fxg3 h5 18. Rdf1 Qg4 19. Be2 Qd7 20. g4 hxg4 21. h5 Ne7 22. h6 Bf6 23. Nh5 gxh5 24. Rxf6 Ng6 25. Qg5 Kh7 26. Bd3 Rg8 27. Rhf1 Raf8 28. Bxg6+ 1-0


[Site "https://www.chess.com"]

[Event "Titled Tuesday Blitz November 07 Late 2023"]
[White "Matlakov, Maxim"]
[Black "Le, Quang Liem"]
[WhiteFideId "4168003"]
[BlackFideId "12401137"]
[WhiteElo "2969"]
[BlackElo "3074"]
[Result "1-0"]
[Round "6"]
[TimeControl "180+1"]
[Date "2023.11.07"]
[WhiteClock "0:00:29"]
[BlackClock "0:00:00"]
[Board "8"]

1. d4 d5 2. c4 e6 3. Nf3 Nf6 4. Bg5 Bb4+ 5. Nc3 dxc4 6. e4 c5 7. e5 cxd4 8. Nxd4 Qa5 9. exf6 Bxc3+ 10. bxc3 Qxg5 11. fxg7 Qxg7 12. Qd2 O-O 13. Bxc4 Rd8 14. Qe3 Bd7 15. O-O-O Nc6 16. h4 Rac8 17. Bb3 Nxd4 18. Rxd4 Bc6 19. Rhd1 Rxd4 20. Rxd4 Qxg2 21. Bc2 Kf8 22. Kb2 Qg7 23. f3 Bd5 24. Rg4 Qf6 25. Bxh7 Ke7 26. Be4 Qe5 27. Rg5 Qh2+ 28. Bc2 Qd6 29. Bb3 Bxb3 30. axb3 Rd8 31. Rg2 a5 32. Qg5+ Ke8 33. Qxa5 Kf8 34. Qg5 Ke8 35. h5 Qd5 36. Qf6 Kf8 37. h6 Qd1 38. Rg8+ 1-0


[Site "https://www.chess.com"]

[Event "Titled Tuesday Blitz November 07 Late 2023"]
[White "Vasquez Schroeder, Rodrigo"]
[Black "Hakobyan, Aram"]
[WhiteFideId "3400042"]
[BlackFideId "13306677"]
[WhiteElo "2842"]
[BlackElo "3056"]
[Result "0-1"]
[Round "6"]
[TimeControl "180+1"]
[Date "2023.11.07"]
[WhiteClock "0:00:13"]
[BlackClock "0:00:07"]
[Board "9"]

1. e4 e5 2. Nf3 Nc6 3. Bb5 a6 4. Ba4 d6 5. O-O Bd7 6. Re1 Nge7 7. c3 Ng6 8. d4 Be7 9. d5 Nb8 10. c4 O-O 11. Bc2 a5 12. Nc3 Na6 13. h3 Nc5 14. Be3 Qe8 15. Qd2 b6 16. b3 f5 17. exf5 Bxf5 18. Bxc5 bxc5 19. Bxf5 Rxf5 20. Qe3 Nf4 21. Kh2 Qh5 22. Ne4 Nxh3 23. Ng3 Nxf2+ 24. Nxh5 Ng4+ 25. Kg1 Nxe3 26. Ng3 Rxf3 27. gxf3 Nc2 28. Ne4 g5 29. Kg2 Kg7 30. Rac1 Nxe1+ 31. Rxe1 h5 32. Nc3 Rf8 33. Nb5 Bd8 34. Na7 Kg6 35. Nc6 g4 36. fxg4 hxg4 37. Rf1 Rh8 38. Nxa5 Bg5 39. Nc6 Bf4 40. Rh1 Rxh1 41. Kxh1 e4 42. Kg2 e3 43. a4 Bg5 44. a5 Bh4 45. Kf1 g3 46. a6 g2+ 47. Kxg2 e2 48. a7 e1=Q 49. a8=Q Qf2+ 50. Kh1 Qf3+ 51. Kg1 Bf2+ 52. Kf1 Bg3+ 53. Kg1 Qf2+ 54. Kh1 Qh2# 0-1


[Site "https://www.chess.com"]

[Event "Titled Tuesday Blitz November 07 Late 2023"]
[White "Szpar, Milosz"]
[Black "Xiong, Jeffery"]
[WhiteFideId "1184989"]
[BlackFideId "2047640"]
[WhiteElo "2811"]
[BlackElo "3020"]
[Result "1-0"]
[Round "6"]
[TimeControl "180+1"]
[Date "2023.11.07"]
[WhiteClock "0:00:04"]
[BlackClock "0:01:13"]
[Board "10"]

1. Nf3 c5 2. c4 Nf6 3. Nc3 d5 4. cxd5 Nxd5 5. e4 Nb4 6. Bc4 Nd3+ 7. Ke2 Nf4+ 8. Kf1 Ne6 9. Ne2 Nc6 10. h4 h5 11. b4 Nxb4 12. Bb2 Nc6 13. Ng5 Nxg5 14. hxg5 e5 15. g6 fxg6 16. Nc3 Bd6 17. Qf3 Rf8 18. Qg3 Bg4 19. f3 Nd4 20. Kg1 Nxf3+ 21. gxf3 Rxf3 22. Qg2 Qg5 23. Be6 Qf4 24. Nd5 Qxe4 25. Bxg4 hxg4 26. Rh8+ Kf7 27. Rxa8 Qxd5 28. Qxg4 Rf4 29. Qd7+ Kf6 30. Rf8+ Kg5 31. Rxf4 exf4 32. Qxg7 Qd3 33. Qxb7 c4 34. Qg2+ Kf5 35. Re1 g5 36. Bc3 g4 37. Kh1 f3 38. Qf2 g3 39. Qd4 Qxd4 40. Bxd4 Kg4 41. Re6 Bf4 42. Be3 Bc7 43. Kg1 Kh3 44. Rh6+ Kg4 45. Rc6 Be5 46. Rxc4+ Kh3 47. Rc5 Bd6 48. Rd5 Bb8 49. Rh5+ Kg4 50. Rh8 Be5 51. Rh7 a6 52. a4 Bb8 53. Rh8 Be5 54. Rh6 a5 55. Rh7 Bd6 56. Kf1 g2+ 57. Kg1 Bg3 58. Bf2 Bf4 59. Rh4+ Kg5 60. Rxf4 Kxf4 61. d4 Ke4 62. Kh2 Kf4 63. Kh3 1-0


[Site "https://www.chess.com"]

[Event "Titled Tuesday Blitz November 07 Late 2023"]
[White "Ibarra Jerez, Jose Carlos"]
[Black "Sokolovsky, Yahli"]
[WhiteFideId "2226332"]
[BlackFideId "2820242"]
[WhiteElo "3008"]
[BlackElo "2783"]
[Result "1-0"]
[Round "6"]
[TimeControl "180+1"]
[Date "2023.11.07"]
[WhiteClock "0:01:26"]
[BlackClock "0:00:01"]
[Board "11"]

1. e4 d6 2. d4 g6 3. Nf3 Bg7 4. Nc3 a6 5. Be3 b5 6. Bd3 Bb7 7. e5 Nd7 8. e6 fxe6 9. Ng5 Nf8 10. O-O Nf6 11. Re1 Qd7 12. Bd2 h6 13. Nf3 g5 14. Qe2 b4 15. Ne4 Nxe4 16. Bxe4 Bxe4 17. Qxe4 Rb8 18. a3 b3 19. c4 Kf7 20. Rad1 Bf6 21. Bc3 Ng6 22. Ne5+ Bxe5 23. dxe5 Rhf8 24. Rd3 Qe8 25. Rh3 dxe5 26. Rxh6 Kg7 27. Rh5 Rf5 28. g4 Rf6 29. Bxe5 Nxe5 30. Qh7+ Kf8 31. Qh8+ Kf7 32. Rh7+ 1-0


[Site "https://www.chess.com"]

[Event "Titled Tuesday Blitz November 07 Late 2023"]
[White "Ghasi, Ameet K"]
[Black "Hong, Andrew"]
[WhiteFideId "409200"]
[BlackFideId "2099438"]
[WhiteElo "2809"]
[BlackElo "2979"]
[Result "0-1"]
[Round "6"]
[TimeControl "180+1"]
[Date "2023.11.07"]
[WhiteClock "0:00:00"]
[BlackClock "0:00:10"]
[Board "12"]

1. b3 d5 2. Bb2 Bg4 3. h3 Bh5 4. d3 Nd7 5. Nd2 e5 6. Ngf3 Bd6 7. e3 Ngf6 8. g4 Bg6 9. Nh4 c6 10. Bg2 a5 11. a3 Qe7 12. O-O O-O 13. Qe2 Ne8 14. Nf5 Bxf5 15. gxf5 Bc5 16. c4 Ndf6 17. cxd5 cxd5 18. Nf3 Bd6 19. Nh2 Qd7 20. e4 Qb5 21. Ng4 dxe4 22. Bxe4 h5 23. Nxf6+ Nxf6 24. Rab1 Rac8 25. Bg2 Qd7 26. Qf3 Rc2 27. Rfe1 Bc5 28. Kh1 Rxf2 29. Qxb7 Qxd3 30. Bxe5 Bd6 31. Rbd1 Rd2 32. Rc1 Bxe5 33. Rxe5 Qg3 34. Rce1 Nd5 35. R5e2 Rxe2 36. Rxe2 Nf4 37. Rd2 Qe1+ 38. Kh2 Qxd2 0-1


[Site "https://www.chess.com"]

[Event "Titled Tuesday Blitz November 07 Late 2023"]
[White "BardArtem"]
[Black "Drygalov, Andrey"]
[BlackFideId "24171735"]
[WhiteElo "2767"]
[BlackElo "2977"]
[Result "1-0"]
[Round "6"]
[TimeControl "180+1"]
[Date "2023.11.07"]
[WhiteClock "0:00:09"]
[BlackClock "0:00:01"]
[Board "13"]

1. e4 e5 2. d4 exd4 3. Qxd4 Nc6 4. Qd3 Nf6 5. Nc3 Bb4 6. Bd2 O-O 7. Nge2 Re8 8. O-O-O Ne5 9. Qg3 Ng6 10. Bg5 Be7 11. h4 h6 12. Bxf6 Bxf6 13. h5 Nf8 14. f4 d6 15. e5 Be7 16. Nd4 Bd7 17. Bc4 dxe5 18. fxe5 Bg5+ 19. Kb1 Qe7 20. Nf3 Be6 21. Bxe6 Nxe6 22. Nd5 Qc5 23. Nxg5 Nxg5 24. e6 Rxe6 25. Nxc7 Re3 26. Qf2 Ne4 27. Qf4 Re2 28. Ka1 Qxc2 29. Qe5 Rf8 30. Rc1 Qd2 31. Rhd1 Qg5 32. Qd4 Nf6 33. Qxa7 Qxg2 34. Qd4 Qf2 35. Qxf2 Rxf2 36. Rc5 Rh2 37. Rb5 Rxh5 38. Rxb7 Rc5 39. Nb5 h5 40. a4 h4 41. a5 Ra8 42. b4 Rc4 43. Nc7 Rc8 44. a6 h3 45. a7 Kh7 46. b5 h2 47. Rh1 Ng4 48. b6 Rd8 49. Rb8 Ra4+ 50. Kb2 Rdd4 51. a8=Q Rab4+ 52. Ka3 Rbc4 53. Qa5 Rd3+ 54. Kb2 Kg6 55. Nd5 Rcd4 56. Ne7+ Kf6 57. Qf5+ Kxe7 58. Rb7+ Kd6 59. Rd7+ Kc6 60. Rxd4 Rxd4 61. Rc1+ Kb7 62. Qc8+ Kxb6 63. Qc5+ Kb7 64. Qxd4 1-0


[Site "https://www.chess.com"]

[Event "Titled Tuesday Blitz November 07 Late 2023"]
[White "Makhnev, Denis"]
[Black "Krzyzanowski, Marcin"]
[WhiteFideId "13707647"]
[BlackFideId "1132199"]
[WhiteElo "2962"]
[BlackElo "2764"]
[Result "0-1"]
[Round "6"]
[TimeControl "180+1"]
[Date "2023.11.07"]
[WhiteClock "0:00:00"]
[BlackClock "0:00:34"]
[Board "14"]

1. f4 g6 2. Nf3 Bg7 3. g3 d5 4. Bg2 Nc6 5. O-O e5 6. fxe5 Nxe5 7. Nxe5 Bxe5 8. d4 Bg7 9. Nc3 c6 10. e4 dxe4 11. Nxe4 Bf5 12. c3 Ne7 13. Qb3 O-O 14. Kh1 b6 15. Bg5 h6 16. Bf4 Be6 17. Qa3 Bd5 18. Rae1 Nf5 19. Be5 Re8 20. Bxg7 Kxg7 21. Kg1 a5 22. b3 Ra7 23. Re2 Rae7 24. Rfe1 Bxe4 25. Bxe4 Nxd4 26. cxd4 Qxd4+ 27. Kg2 Rxe4 28. Rxe4 Rxe4 29. Rxe4 Qxe4+ 30. Kg1 Qe1+ 31. Kg2 Qe2+ 32. Kg1 c5 33. Qa4 Qd1+ 34. Kg2 Qd2+ 35. Kh3 Qd3 36. Qc6 Qf1+ 37. Kh4 Qf6+ 38. Qxf6+ Kxf6 0-1


[Site "https://www.chess.com"]

[Event "Titled Tuesday Blitz November 07 Late 2023"]
[White "Sjugirov, Sanan"]
[Black "Korchmar, Vasiliy"]
[WhiteFideId "4189302"]
[BlackFideId "24131750"]
[WhiteElo "2958"]
[BlackElo "2755"]
[Result "0-1"]
[Round "6"]
[TimeControl "180+1"]
[Date "2023.11.07"]
[WhiteClock "0:00:00"]
[BlackClock "0:00:03"]
[Board "15"]

1. e4 c5 2. Nf3 d6 3. d4 cxd4 4. Nxd4 Nf6 5. Nc3 Nc6 6. Bg5 Bd7 7. Bxf6 gxf6 8. Nb3 h5 9. Be2 h4 10. h3 Rc8 11. Qd2 Ne5 12. O-O-O Bh6 13. f4 Ng6 14. Rhf1 a5 15. Kb1 a4 16. Nd4 a3 17. b3 Nxf4 18. Bc4 Nd5 19. Qd3 Ne3 20. Nd5 Nxd1 21. Rxd1 Rg8 22. Qf3 Rg6 23. Bd3 Qa5 24. Qh5 Rc5 25. Ne2 e6 26. b4 Qxb4+ 27. Nxb4 Rxh5 28. c3 Rxg2 29. Nc2 Rhg5 30. Nxa3 R5g3 31. Nc4 Rxh3 32. Nxd6+ Ke7 33. Nxb7 Rhh2 34. Nc5 Bc6 35. Nd4 Ba4 36. Nxa4 Rxa2 37. Bc2 Rhxc2 38. Nxc2 Rxa4 39. Re1 h3 40. Rh1 Rxe4 41. Rxh3 Bf4 42. Kb2 Be5 43. Kb3 Re2 44. c4 Rd2 45. Nb4 Rd1 46. c5 Rb1+ 47. Kc4 Rc1+ 48. Kb5 f5 49. Nc6+ Kf6 50. Rh6+ Kg7 51. Rh3 Bf6 52. Rg3+ Kh6 53. Rh3+ Kg5 54. Rh7 f4 55. Rxf7 f3 56. Nb4 f2 57. Nd3 Rb1+ 0-1


[Site "https://www.chess.com"]

[Event "Titled Tuesday Blitz November 07 Late 2023"]
[White "GaiozNigalidze"]
[Black "Aravindh, Chithambaram VR."]
[BlackFideId "5072786"]
[WhiteElo "2743"]
[BlackElo "2940"]
[Result "1/2-1/2"]
[Round "6"]
[TimeControl "180+1"]
[Date "2023.11.07"]
[WhiteClock "0:00:11"]
[BlackClock "0:00:03"]
[Board "16"]

1. d4 Nf6 2. c4 Nc6 3. d5 Ne5 4. e3 e6 5. dxe6 dxe6 6. Qxd8+ Kxd8 7. Nc3 c5 8. Nf3 Nxf3+ 9. gxf3 Bd7 10. Bd3 Bc6 11. Ke2 Bd6 12. h3 a6 13. Rg1 g6 14. Bd2 Kc7 15. Rad1 Rad8 16. Bc1 Be5 17. Ne4 Nxe4 18. Bxe4 f5 19. Bxc6 Kxc6 20. Rxd8 Rxd8 21. f4 Bf6 22. Rd1 Rb8 23. b3 b5 24. Kd3 e5 25. fxe5 Bxe5 26. Ba3 g5 27. Kc2 Bd6 28. Rd5 Rf8 29. Kd3 h5 30. Bb2 g4 31. hxg4 fxg4 32. Rxh5 Rxf2 33. Be5 Bxe5 34. Rxe5 Rxa2 35. Re6+ Kb7 36. Rg6 Rb2 37. Kc3 Rg2 38. cxb5 axb5 39. b4 c4 40. Rg5 Kc6 41. Rg6+ Kd5 42. Rg5+ Ke4 43. Rxb5 Rg1 44. Kxc4 Rc1+ 45. Kb3 Kxe3 46. Rg5 Kf4 47. Rg8 g3 48. Ka4 Ra1+ 49. Kb5 Kf3 50. Kc6 g2 51. b5 Rc1+ 52. Kb7 Rc4 53. Rxg2 Kxg2 54. b6 Kf3 55. Ka6 Ke4 56. b7 Ra4+ 57. Kb6 Rb4+ 58. Kc7 Kd5 59. b8=Q Rxb8 60. Kxb8 1/2-1/2


[Site "https://www.chess.com"]

[Event "Titled Tuesday Blitz November 07 Late 2023"]
[White "Yeletsky, Ivan"]
[Black "Rastbod, Ali"]
[WhiteFideId "24180327"]
[BlackFideId "12567477"]
[WhiteElo "2939"]
[BlackElo "2738"]
[Result "0-1"]
[Round "6"]
[TimeControl "180+1"]
[Date "2023.11.07"]
[WhiteClock "0:00:00"]
[BlackClock "0:00:06"]
[Board "17"]

1. c4 e6 2. g3 d5 3. Nf3 Nf6 4. Bg2 dxc4 5. Qa4+ Bd7 6. Qxc4 c5 7. Ne5 Qc8 8. Qd3 Nc6 9. Nxd7 Qxd7 10. Qxd7+ Kxd7 11. Na3 Rc8 12. Nc4 Bd6 13. b3 Nd4 14. Ne3 b5 15. Bb2 h5 16. Rc1 h4 17. d3 h3 18. Bf1 Nd5 19. Nxd5 exd5 20. Kd1 f6 21. e3 Ne6 22. f4 d4 23. f5 Ng5 24. exd4 cxd4 25. Rxc8 Rxc8 26. Bxd4 Bc5 27. Bxc5 Rxc5 28. Be2 Kd6 29. Rf1 a5 30. Rf4 b4 31. Kd2 Nf7 32. Rd4+ Ke7 33. Re4+ Kd7 34. g4 Nd6 35. Re3 Nb5 36. Rxh3 Kd6 37. Rh7 Rc7 38. d4 Nxd4 39. Bd3 Ke5 40. h3 Kf4 41. Rh8 Nf3+ 42. Ke2 Re7+ 43. Kf2 Ne5 44. Be2 Rc7 45. Rd8 Rc2 46. Rd4+ Kg5 47. Ke3 Kh4 48. Rd5 Rxa2 49. Rb5 Kxh3 50. g5 Kg3 51. g6 Ra3 52. Kd4 Rxb3 53. Rxa5 Rb2 54. Ke3 Rb3+ 55. Kd4 Kf4 56. Ra7 Re3 57. Rxg7 Re4+ 58. Kc5 Rxe2 59. Rb7 Rc2+ 60. Kd4 Rd2+ 61. Kc5 Rd8 62. Kxb4 Kxf5 63. g7 Rg8 64. Kc5 Kg6 65. Kd6 Rxg7 66. Rb1 Rf7 67. Ke6 Rg7 68. Rg1+ Kh6 69. Rh1+ Kg5 70. Rf1 Ng4 71. Rf5+ Kh4 72. Rf3 Rg5 73. Ra3 Re5+ 74. Kf7 Kg5 75. Ra8 f5 76. Rg8+ Kf4 77. Ra8 Rb5 78. Ra4+ Kg5 79. Ra1 f4 80. Rf1 Rf5+ 81. Ke6 f3 0-1


[Site "https://www.chess.com"]

[Event "Titled Tuesday Blitz November 07 Late 2023"]
[White "Tatarinov, Dmitry"]
[Black "Rostovtsev, Dmitry"]
[WhiteFideId "24160067"]
[BlackFideId "34278320"]
[WhiteElo "2732"]
[BlackElo "2935"]
[Result "0-1"]
[Round "6"]
[TimeControl "180+1"]
[Date "2023.11.07"]
[WhiteClock "0:01:36"]
[BlackClock "0:01:49"]
[Board "18"]

1. c4 e6 2. Nf3 Nf6 3. d4 d5 4. Nc3 h6 5. Bf4 Bd6 6. Bg3 Bxg3 7. hxg3 O-O 8. e3 Nbd7 9. Rc1 dxc4 10. Bxc4 c5 11. O-O cxd4 12. Qxd4 Nb6 13. Be2 Qxd4 14. Nxd4 Bd7 15. Bf3 Rab8 16. Rfd1 Rfd8 17. Ndb5 Bxb5 18. Nxb5 Rxd1+ 19. Rxd1 Kf8 20. Nxa7 Ra8 21. Nb5 Rxa2 22. Rd8+ Ke7 23. Rb8 Rxb2 24. Rxb7+ Nbd7 25. g4 g5 26. Nd4 Rxb7 27. Bxb7 Nxg4 28. Bf3 Ngf6 29. Bd1 Ne5 30. Be2 Kd6 31. Bd1 g4 32. Ba4 h5 33. g3 Ne4 34. Bc2 Nd2 35. Kg2 Ndf3 36. Ne2 Ne1+ 0-1


[Site "https://www.chess.com"]

[Event "Titled Tuesday Blitz November 07 Late 2023"]
[White "Giroyan, Gary"]
[Black "Bortnyk, Mykola"]
[WhiteFideId "680281"]
[BlackFideId "14120836"]
[WhiteElo "2690"]
[BlackElo "2928"]
[Result "0-1"]
[Round "6"]
[TimeControl "180+1"]
[Date "2023.11.07"]
[WhiteClock "0:00:15"]
[BlackClock "0:01:18"]
[Board "19"]

1. d4 f5 2. Nf3 Nf6 3. g3 e6 4. Bg2 Be7 5. O-O O-O 6. c4 d6 7. Nc3 Kh8 8. Qc2 Nc6 9. e4 e5 10. dxe5 dxe5 11. Rd1 Qe8 12. Nd5 fxe4 13. Nxf6 Bxf6 14. Qxe4 Qh5 15. Be3 Bf5 16. Qd5 Bg4 17. Re1 Rad8 18. Qe4 Bf5 19. g4 Bxg4 20. Nd2 Nd4 21. Rac1 c6 22. Kh1 Bf5 0-1


[Site "https://www.chess.com"]

[Event "Titled Tuesday Blitz November 07 Late 2023"]
[White "Indjic, Aleksandar"]
[Black "Rozman, Levy"]
[WhiteFideId "911925"]
[BlackFideId "2039877"]
[WhiteElo "2924"]
[BlackElo "2689"]
[Result "1-0"]
[Round "6"]
[TimeControl "180+1"]
[Date "2023.11.07"]
[WhiteClock "0:00:45"]
[BlackClock "0:00:07"]
[Board "20"]

1. a4 d5 2. Nf3 Bg4 3. g3 c6 4. Bg2 Nd7 5. d4 e6 6. O-O a5 7. c4 Ngf6 8. Nc3 Bb4 9. Qb3 O-O 10. Bf4 dxc4 11. Qxc4 Nb6 12. Qd3 Nbd5 13. Bg5 h6 14. Bxf6 Nxf6 15. Ne5 Bf5 16. e4 Bh7 17. Qe3 Qb6 18. Rfd1 Rad8 19. Nc4 Qc7 20. Rac1 Ng4 21. Qe2 Nf6 22. h3 Qb8 23. Na2 Qa7 24. Nxb4 axb4 25. e5 Ne8 26. a5 Rxd4 27. Rxd4 Qxd4 28. Rd1 Qc5 29. Rd7 Bb1 30. b3 Qb5 31. Be4 Bxe4 32. Qxe4 f5 33. Qd3 f4 34. g4 c5 35. Re7 Qc6 36. Qg6 f3 37. Nd6 Qd5 38. Nxe8 Qd1+ 39. Kh2 Qf1 40. Qxg7# 1-0


[Site "https://www.chess.com"]

[Event "Titled Tuesday Blitz November 07 Late 2023"]
[White "Aarav Dengla"]
[Black "Melkumyan, Hrant"]
[WhiteFideId "45059756"]
[BlackFideId "13302485"]
[WhiteElo "2656"]
[BlackElo "2919"]
[Result "0-1"]
[Round "6"]
[TimeControl "180+1"]
[Date "2023.11.07"]
[WhiteClock "0:00:55"]
[BlackClock "0:01:00"]
[Board "21"]

1. e4 c6 2. d4 d5 3. exd5 cxd5 4. Bd3 Nf6 5. h3 Nc6 6. c3 g6 7. Qc2 Bg7 8. Bf4 O-O 9. Nf3 Bd7 10. Nbd2 Rc8 11. Qb1 a6 12. O-O b5 13. a4 Qb6 14. axb5 axb5 15. Re1 Ra8 16. Rxa8 Rxa8 17. Nb3 b4 18. Nc5 Be8 19. Qc2 e6 20. Ne5 Nxe5 21. Bxe5 Nd7 22. Nxd7 Bxd7 23. c4 Bxe5 24. c5 b3 25. Qc1 Qb4 26. c6 Bxc6 27. dxe5 Bb5 28. Bxb5 Qxb5 29. Qc3 Rb8 30. Re3 Qb4 31. Qc7 Qb6 32. Qd7 Qd4 33. Rf3 Rf8 0-1


[Site "https://www.chess.com"]

[Event "Titled Tuesday Blitz November 07 Late 2023"]
[White "Zhigalko, Sergei"]
[Black "reevecanada"]
[WhiteFideId "13502956"]
[WhiteElo "2907"]
[BlackElo "2646"]
[Result "1-0"]
[Round "6"]
[TimeControl "180+1"]
[Date "2023.11.07"]
[WhiteClock "0:00:55"]
[BlackClock "0:00:39"]
[Board "22"]

1. e4 c5 2. Nf3 d6 3. d4 cxd4 4. Qxd4 Nc6 5. Bb5 Bd7 6. Bxc6 Bxc6 7. Nc3 Nf6 8. Bg5 g6 9. Bxf6 exf6 10. O-O-O Be7 11. h4 h5 12. Qe3 Qa5 13. Nd4 O-O-O 14. Kb1 Rhe8 15. Rd3 f5 16. exf5 Bf6 17. Nxc6 bxc6 18. Qf3 d5 19. fxg6 Re6 20. gxf7 Kd7 21. Nxd5 Bxb2 22. Kxb2 Rb8+ 23. Rb3 Rf8 24. Rd1 Rd6 25. Qf5+ Re6 26. Ne3+ Ke7 27. Qxa5 Rxf7 28. Qd8# 1-0


[Site "https://www.chess.com"]

[Event "Titled Tuesday Blitz November 07 Late 2023"]
[White "Bachmann, Axel"]
[Black "Golubev, Mikhail"]
[WhiteFideId "3700488"]
[BlackFideId "14100983"]
[WhiteElo "2882"]
[BlackElo "2642"]
[Result "1-0"]
[Round "6"]
[TimeControl "180+1"]
[Date "2023.11.07"]
[WhiteClock "0:00:03"]
[BlackClock "0:00:00"]
[Board "23"]

1. e4 c5 2. Nf3 d6 3. Bb5+ Bd7 4. c4 Nc6 5. Nc3 g6 6. d4 cxd4 7. Nxd4 Bg7 8. Be3 Nf6 9. h3 O-O 10. Bxc6 bxc6 11. c5 d5 12. e5 Ne4 13. Nf3 Qa5 14. Qa4 Qxa4 15. Nxa4 f6 16. Bd4 fxe5 17. Bxe5 Rf5 18. Bxg7 Kxg7 19. O-O Raf8 20. Rae1 Bc8 21. Nd4 R5f6 22. f3 Ba6 23. Rf2 Nxf2 24. Rxe7+ R8f7 25. Rxf7+ Kxf7 26. Kxf2 Ke7 27. b4 Kd7 28. Nc3 Bc4 29. a3 Rf8 30. Ke3 a5 31. Na4 axb4 32. Nb6+ Kc7 33. axb4 Re8+ 34. Kd2 g5 35. Nxc4 dxc4 36. Kc3 Re1 37. Kxc4 Rg1 38. g4 Rg3 39. Ne6+ Kb7 40. Nd8+ Kc7 41. Ne6+ Kb7 42. Nxg5 h6 43. Nf7 Rxh3 44. Ne5 h5 45. gxh5 Rxh5 46. f4 Rf5 47. Nd3 Ka6 48. Kd4 Kb5 49. Ke4 Rf8 50. f5 Kc4 51. Ne5+ Kxb4 52. Kf4 Kb5 53. Kg5 Rg8+ 54. Kf6 Kxc5 55. Ke7 1-0


[Site "https://www.chess.com"]

[Event "Titled Tuesday Blitz November 07 Late 2023"]
[White "Kamsky, Gata"]
[Black "Lima, Kleyton Alcantara"]
[WhiteFideId "2000024"]
[BlackFideId "22718397"]
[WhiteElo "2861"]
[BlackElo "2556"]
[Result "1-0"]
[Round "6"]
[TimeControl "180+1"]
[Date "2023.11.07"]
[WhiteClock "0:01:06"]
[BlackClock "0:01:37"]
[Board "24"]

1. d4 Nf6 2. Bf4 g6 3. c3 Bg7 4. Nf3 O-O 5. h3 b6 6. Nbd2 Bb7 7. e3 d6 8. a4 a6 9. Bc4 Nbd7 10. O-O Ne4 11. Nxe4 Bxe4 12. Re1 Bb7 13. e4 e5 14. Bg5 Qc8 15. Qd2 exd4 16. cxd4 Nf6 17. Qf4 Nd7 18. Be7 Qe8 19. Bxf8 Qxf8 20. Ng5 d5 21. Bxd5 Bxd5 22. exd5 Rc8 23. Rac1 Nf6 24. Rxc7 Rxc7 25. Qxc7 Nxd5 26. Qb7 Nf4 27. Qd7 Qb4 1-0


[Site "https://www.chess.com"]

[Event "Titled Tuesday Blitz November 07 Late 2023"]
[White "Mikaelyan, Arman"]
[Black "Remolar Gallen, Jose"]
[WhiteFideId "13304852"]
[BlackFideId "2215187"]
[WhiteElo "2860"]
[BlackElo "2520"]
[Result "0-1"]
[Round "6"]
[TimeControl "180+1"]
[Date "2023.11.07"]
[WhiteClock "0:00:00"]
[BlackClock "0:00:11"]
[Board "25"]

1. d4 Nf6 2. Nf3 g6 3. g3 Bg7 4. Bg2 O-O 5. O-O c5 6. c3 d6 7. dxc5 dxc5 8. Qxd8 Rxd8 9. Be3 Nfd7 10. Nfd2 Nc6 11. Na3 Nb6 12. Rfd1 Na4 13. Ndc4 Be6 14. Bxc5 Nxc5 15. f4 Rxd1+ 16. Rxd1 Rd8 17. Rc1 f5 18. b3 Ne4 19. Bxe4 fxe4 20. Kf2 b5 21. Nxb5 Bxc4 22. bxc4 Rd2 23. a4 Ra2 24. Ke3 Rxa4 25. Kxe4 e6 26. Kd3 Na5 27. Nd6 Bf8 28. Ne4 Nb3 29. Rb1 Nc5+ 30. Nxc5 Bxc5 31. Rb8+ Kf7 32. Rb7+ Kf6 33. Rxh7 Ra1 34. g4 a5 35. e4 e5 36. g5+ Ke6 37. f5+ gxf5 38. Rh6+ Kf7 39. exf5 a4 40. Rh7+ Kg8 41. Rc7 Bf8 42. f6 Rg1 43. h4 a3 44. Ra7 Rg4 45. c5 e4+ 46. Ke2 a2 47. Kf1 Bxc5 48. Ra8+ Kf7 49. g6+ Kxf6 50. g7 Kxg7 51. Rxa2 Rg1+ 52. Ke2 Rg2+ 53. Kf1 Rxa2 0-1


[Site "https://www.chess.com"]

[Event "Titled Tuesday Blitz November 07 Late 2023"]
[White "Kravtsiv, Martyn"]
[Black "FuenfgegenWilly"]
[WhiteFideId "14113147"]
[WhiteElo "2851"]
[BlackElo "2446"]
[Result "1-0"]
[Round "6"]
[TimeControl "180+1"]
[Date "2023.11.07"]
[WhiteClock "0:02:19"]
[BlackClock "0:02:05"]
[Board "26"]

1. e4 e5 2. Nf3 Nc6 3. Nc3 Nf6 4. a4 a5 5. Bb5 Bd6 6. O-O Ne7 7. d4 Ng6 8. dxe5 Nxe5 9. Nxe5 Bxe5 10. f4 Bxc3 11. bxc3 Nxe4 12. Qd4 Nf6 13. Ba3 1-0


[Site "https://www.chess.com"]